 Seeded DCSS version 0.29-a0-911-g88e6f02907 (webtiles) character file.

Game seed: 12646791263056600687 (custom seed)

2 purpskrrrp the Sneak (level 1, -1/18 HPs)
             Began as a Demonspawn Delver on July 25, 2022.
             Slain by a hound (3 damage)
             ... on level 5 of the Dungeon.
             The game lasted 00:00:22 (29 turns).

purpskrrrp the Sneak (Demonspawn Delver)              Turns: 29, Time: 00:00:22

Health: -1/18      AC:  3    Str: 12    XL:     1   Next: 25%
Magic:  1/1        EV: 11    Int: 11    God:
Gold:   11         SH:  0    Dex: 14    Spells: 0/0 levels left

rFire   . . .      SeeInvis .   a - +0 mace
rCold   . . .      Faith    .   (no shield)
rNeg    . . .      Spirit   .   b - +0 leather armour
rPois   .          Reflect  .   (no helmet)
rElec   .          Harm     .   (no cloak)
rCorr   .          Rampage  .   (no gloves)
Will    .....                   (no boots)
Stlth   +++.......              (no amulet)
HPRegen 0.06/turn               (no ring)
MPRegen 0.07/turn               (no ring)

@: no status effects
A: no striking features
a: no special abilities


You were on level 5 of the Dungeon.
You visited 1 branch of the dungeon, and saw 1 of its levels.

You collected 11 gold pieces.

Inventory:

Hand Weapons
 a - a +0 mace (weapon)
Armour
 b - a +0 leather armour (worn)
Jewellery
 h - an amulet of reflection
Wands
 g - a wand of digging (3)
Scrolls
 c - a scroll of fog
 d - a scroll of magic mapping
 e - a scroll of fear
Potions
 f - a potion of haste


   Skills:
 + Level 3.0 Fighting
 + Level 1.7 Maces & Flails
 + Level 1.7 Dodging
 + Level 4.6 Stealth


You couldn't memorise any spells.
You didn't know any spells.
Your spell library was empty.

Dungeon Overview and Level Annotations

Branches:
Dungeon (5/15)
 Temple: D:4-7

Altars:


Message History

h - an amulet of reflection You now have 11 gold pieces.
You open the door.
There is an open door here.
A hound comes into view.
You open the door.
An orc comes into view. It is wielding a +0 hand axe.
There is an open door here.
Found a scroll labelled QOPAUT SE KEBI.
Found an escape hatch in the ceiling.
The orc shouts!
The hound barks!
You hit the orc.
The orc is heavily wounded.
The orc closely misses you.
You hit the orc but do no damage.
The orc is heavily wounded.
The orc hits you with a +0 hand axe.
You barely miss the orc.
The orc is heavily wounded.
The orc hits you with a +0 hand axe. The orc hits you but does no damage.
You closely miss the orc.
The orc is heavily wounded.
The hound closely misses you. The orc hits you with a +0 hand axe.
The hound barely misses you.
You closely miss the orc.
The orc is heavily wounded.
The hound closely misses you. The orc barely misses you.
You hit the orc but do no damage.
The orc is heavily wounded.
The hound closely misses you. The orc barely misses you.
The hound barely misses you. The orc hits you but does no damage.
You hit the orc.
You kill the orc!
The hound closely misses you. The hound barely misses you.
You hit the hound but do no damage. The hound bites you. x2
* * * LOW HITPOINT WARNING * * *
You hit the hound.
The hound is moderately wounded.
The hound barely misses you. The hound bites you.
You die...

#..# #.........
#..# #.<.?....#
#..# #......#.#
#..#
#......#.####..####
........##.......#
#.....##...>...#
#.....##.......####
#..)@h.'.......'..#
###+#.##.......##.#
#...#+##.#....#
#.#.# ...#.####
#.#....#.#.#
#.#....#...#
#...#.######
#####.#


You could see a hound.

Vanquished Creatures
  An orc (D:5)
1 creature vanquished.

Notes
Turn   | Place    | Note
-------+----------+-------------------------------------------
     0 | D:5      | purpskrrrp the Demonspawn Delver began the quest for the
                  | Orb.
     0 | D:5      | Reached XP level 1. HP: 18/18 MP: 1/1
    10 | D:5      | Noticed a hound
    29 | D:5      | Slain by a hound

Illustrated notes

Levels and vault maps discovered:
D:5:      layout_basic, minmay_temple_entry_glassed_door,
          cheibrodos_sewer_entry_bend

Action                   || total
-------------------------++-------
Melee: Mace              ||     9
Armor: Leather armour    ||     2
Dodge: Dodged            ||    11

Table legend: (Time is in decaauts)
 A = Elapsed time spent in this place.
 B = Non-inter-level travel time spent in this place.
 C = Inter-level travel time spent in this place.
 D = Time resting spent in this place.
 E = Time spent auto-exploring this place.
 F = Levels seen in this place.
 G = Mean time per level.
                   A        B        C        D        E       F      G
               +--------+--------+--------+--------+--------+-----+--------+
         Total |     31 |     19 |     12 |      0 |      0 |   1 |   31.0 |
       Dungeon |     31 |     19 |     12 |      0 |      0 |   1 |   31.0 |
               +--------+--------+--------+--------+--------+-----+--------+

Top non-repeatable levels by time:
     D:5: 31 daAuts
